 Dungeon Crawl Stone Soup version 0.30.0-20-g3b4254fcbd (webtiles) character file.

Game seed: 8619130214573805823

401 NateTC the Trooper (level 6, -3/60 HPs)
             Began as a Hill Orc Fighter on June 3, 2023.
             Slain by Duvessa
             ... wielding a +0 rapier
              (9 damage)
             ... on level 4 of the Dungeon.
             The game lasted 00:06:52 (3142 turns).

NateTC the Trooper (Hill Orc Fighter)               Turns: 3142, Time: 00:06:53

Health: -3/60      AC:  8    Str: 21    XL:     6   Next: 85%
Magic:  6/6        EV:  9    Int:  8    God:
Gold:   22         SH:  5    Dex: 13    Spells: 5/5 levels left

rFire   . . .        j - +6 hand axe of Xobbas {freeze, *Noise rPois rN++ Dex+3}
rCold   + . .        k - +1 buckler {reflect}
rNeg    + + .        b - +0 scale mail
rPois   +            (no helmet)
rElec   .            (no cloak)
rCorr   .            e - +0 pair of gloves
SInv    .            (no boots)
Will    .....        (no amulet) Stlth
                     i - ring of protection from cold
HPRegen 0.30/turn    (no ring)
MPRegen 0.10/turn

%: reflection
@: mighty
A: no striking features
a: no special abilities


You were on level 4 of the Dungeon.
You visited 1 branch of the dungeon, and saw 4 of its levels.

You collected 187 gold pieces.
You spent 165 gold pieces at shops.

Inventory:

Hand Weapons
 a - a +0 war axe
 j - the +6 hand axe of Xobbas (weapon) {freeze, *Noise rPois rN++ Dex+3}
   (You found it on level 2 of the Dungeon)

   Dex:       It affects your dexterity (+3).
   rPois:     It protects you from poison.
   rN:        It greatly protects you from negative energy.
   *Noise:    It may make noises in combat.
Armour
 b - a +0 scale mail (worn)
 e - a +0 pair of gloves (worn)
 k - a +1 buckler of reflection (worn)
Jewellery
 i - a ring of protection from cold (left hand)
Scrolls
 g - a scroll of identify
Potions
 c - a potion of brilliance
 d - a potion of might
 f - a potion of lignification
 h - 3 potions of curing


   Skills:
 * Level 7.6 Fighting
 + Level 5.7 Axes
 - Level 3.2 Armour
 - Level 3.2 Shields


You had 5 spell levels left.
You didn't know any spells.
Your spell library contained the following spells:

 Spells                   Type           Power      Damage    Failure   Level
 Vhi's Electric Charge    Tloc/Air       0%         N/A       99%         3
 Arcjolt                  Conj/Air       0%         1d10      100%        5
 Iskenderun's Battlesphe  Conj           0%         2d6       100%        5
 Iron Shot                Conj/Erth      0%         9d1       100%        6
 Plasma Beam              Fire/Air       0%         2x1d11    100%        6
 Spellforged Servitor     Conj/Summ      0%         N/A       100%        7


Dungeon Overview and Level Annotations

Branches:
Dungeon (4/15) Zot: 20814
 Temple: D:4-7

Altars:
Nemelex Xobeh
Qazlal

Shops:
D:1 =   D:3 [

Annotations:
D:4 Duvessa


Message History

Dowan says, "Magic and the sword, together, will defeat you."
Dowan gestures wildly while chanting.
Dowan blinks!
You hear a shout!
You feel very mighty all of a sudden. Duvessa hits you with a +0 rapier.
You barely miss Duvessa. You slash Dowan! You freeze Dowan.
Dowan barely misses you. Duvessa hits you but does no damage.
You closely miss Duvessa. You slash Dowan! You freeze Dowan.
You kill Dowan!
Duvessa screams, "No!
How DARE you!"
Duvessa goes berserk!
Duvessa hits you with a +0 rapier!
You hit Duvessa. You freeze Duvessa.
Duvessa is lightly wounded.
You block Duvessa's attack. Duvessa closely misses you.
You slash Duvessa! You freeze Duvessa.
Duvessa is moderately wounded.
Duvessa hits you with a +0 rapier. You block Duvessa's attack.
You hit Duvessa. You freeze Duvessa.
Duvessa is heavily wounded.
Duvessa hits you with a +0 rapier!
You hit Duvessa. You freeze Duvessa.
Duvessa is heavily wounded.
Duvessa barely misses you. Duvessa hits you with a +0 rapier.
You closely miss Duvessa.
Duvessa is heavily wounded.
Duvessa hits you but does no damage.
You hit Duvessa. You freeze Duvessa.
Duvessa is severely wounded.
Duvessa hits you with a +0 rapier!
* * * LOW HITPOINT WARNING * * *
Duvessa hits you with a +0 rapier!
* * * LOW HITPOINT WARNING * * *
You slash Duvessa! You freeze Duvessa.
Duvessa is almost dead.
Duvessa barely misses you.
You closely miss Duvessa.
Duvessa is almost dead.
Duvessa hits you with a +0 rapier!
You die...

###.##### ...#
####.#####.......#
.........#.......#
.#######.#.......# #.#
......# #.#. #..#!#
#.#.###...#
#.#.......###
#.###.(.e@..#
.#######.# #.##)##.#
..)......###.#.......
####............##.###
#########..### .#
#..... .# ##.######
#.# ..


You could see Duvessa (berserk).

Vanquished Creatures
  Sigmund (D:2)
  An ogre (D:3)
  Dowan (D:4)
  5 adders
  A worm (D:2)
  2 dart slugs
  2 orcs (D:3)
  4 ball pythons
  8 endoplasms
  3 giant cockroaches
  7 goblins
  5 hobgoblins
  A jackal (D:1)
  A quokka (D:3)
  7 bats
  4 frilled lizards
  3 kobolds
  10 rats
66 creatures vanquished.

Notes
Turn   | Place    | Note
-------+----------+-------------------------------------------
     0 | D:1      | NateTC the Hill Orc Fighter began the quest for the Orb.
     0 | D:1      | Reached XP level 1. HP: 19/19 MP: 1/1
   112 | D:1      | Reached skill level 4 in Fighting
   113 | D:1      | Reached XP level 2. HP: 27/27 MP: 2/2
   114 | D:1      | Found Deehaer's Jewellery Shop.
   934 | D:2      | Reached XP level 3. HP: 34/34 MP: 3/3
  1290 | D:2      | Found a faded altar of an unknown god.
  1410 | D:2      | Reached skill level 5 in Fighting
  1612 | D:2      | Identified the +6 hand axe of Xobbas {freeze, *Noise rPois
                  | rN++ Dex+3}
  1677 | D:2      | Reached XP level 4. HP: 42/42 MP: 4/4
  1819 | D:2      | Noticed Sigmund
  1826 | D:2      | Killed Sigmund
  1827 | D:2      | Reached skill level 6 in Fighting
  1827 | D:2      | Reached skill level 5 in Axes
  1827 | D:2      | Reached XP level 5. HP: 51/51 MP: 5/5
  2060 | D:3      | Reached XP level 6. HP: 58/58 MP: 6/6
  2271 | D:3      | Found Qeren's Antique Armour Emporium.
  2279 | D:3      | Bought a glowing buckler for 165 gold pieces
  2379 | D:3      | Reached skill level 7 in Fighting
  2661 | D:3      | Found a stormy altar of Qazlal.
  2840 | D:3      | Found a sparkling altar of Nemelex Xobeh.
  3126 | D:4      | Noticed Dowan
  3127 | D:4      | Noticed Duvessa
  3134 | D:4      | Killed Dowan
  3142 | D:4      | Slain by Duvessa

Illustrated notes

Levels and vault maps discovered:
D:1:      spicycebolla_green_bress_n_ham, layout_basic, serial_shops,
          nicolae_shop_tiny_glass, minmay_misc_feat_diagonals
D:2:      minmay_razor_zed, layout_rooms, serial_co_window_serial,
          co_window_paths_a, co_window_corner_a, co_window_cross_1,
          co_window_corner_a, co_window_corner_a, co_window_2corner,
          co_window_broadway_b, co_window_unsneaky_path_a, co_window_cross_2,
          co_window_paths_c, glass_columns_a, glass_columns_c, glass_columns_b,
          glass_columns_a, glass_columns_b, ebering_ecumenical_altar_petrified,
          uniq_sigmund
D:3:      minmay_wonky_spiral, layout_loops_corners,
          mainiacjoe_overflow_concentric_impassable,
          mainiacjoe_overflow_boulevard, serial_shops,
          nicolae_shop_hallway_stairs
D:4:      cheibrodos_greedy_goblins, layout_loops_cross,
          mrwooster_statue_mirror, uniq_duvessa, uniq_ijyb

Skill      XL: |  1  2  3  4  5  6 |
---------------+-------------------+-----
Fighting       | 4 5 6 7 |  7.6
Axes           | 3 5 |  5.7
Armour         | |  3.2
Shields        | |  3.2

Action                     |  1- 3 |  4- 6 || total
---------------------------+-------+-------++-------
  Melee: War axe           |   104 |       ||   104
         Hand axe          |     3 |    60 ||    63
    Use: Scroll            |     3 |     4 ||     7
         Potion            |       |     1 ||     1
 Armour: Scale mail        |    51 |    22 ||    73
  Dodge: Dodged            |    61 |    18 ||    79
  Block: Buckler           |    28 |    11 ||    39
